 Dungeon Crawl Stone Soup version 0.31.0-1-g2c135a0 (webtiles) character file.

Game seed: 1087081879460236812

23837 yaymichael the Unseen (level 13, 0/88 HPs)
             Began as an Octopode Shapeshifter on Jan 26, 2024.
             Was a High Priest of Dithmenos.
             Slain by a harpy (9 damage)
             ... on level 3 of the Lair of Beasts.
             The game lasted 00:58:12 (13859 turns).

yaymichael the Unseen (Octopode Shapeshifter)      Turns: 13859, Time: 00:58:13

Health: 0/88       AC: 11    Str: 14    XL:     13   Next: 9%
Magic:  23/23      EV: 24    Int: 12    God:    Dithmenos [*****.]
Gold:   694        SH:  4    Dex: 20    Spells: 20/25 levels left

rFire   . . .        h - +3 short sword
rCold   . . .        (no shield)
rNeg    . . .        (helmet currently unavailable)
rPois   +            C - amulet of magic regeneration
rElec   .            f - ring "Fycom" {*Slow rPois AC+4 Int+2}
rCorr   +            u - +4 ring of protection
SInv    .            x - +6 ring of dexterity
Will    +....        y - ring of resist corrosion Stlth **++++++++
                     J - +5 ring of evasion
HPRegen 0.34/turn    q - ring of willpower
MPRegen 0.58/turn    (no ring)
                     (no ring)

%: slow self (1%)
@: beast-form, hasted (expiring), wreathed by umbra, very quick
A: beast (slay +3), almost no armour, amphibious, 8 rings, camouflage 1,
gelatinous body 1, (nimble swimmer 1), tentacles, iridescent scales 1, large
bone plates 1, dopey 1, weak 1
a: Begin Untransformation, Renounce Religion, Shadow Step, Shadow Form


You were on level 3 of the Lair of Beasts.
You worshipped Dithmenos.
Dithmenos was extremely pleased with you.
You were a hulking beast.
You visited 2 branches of the dungeon, and saw 14 of its levels.

You collected 910 gold pieces.
You spent 216 gold pieces at shops.

Inventory:

Hand Weapons
 d - a +1 spectral short sword
 g - a +0 whip of freezing
 h - a +3 short sword (weapon)
 l - a +0 trident
 r - a +1 short sword of speed
 s - a +0 whip of electrocution
 B - a +0 scimitar of flaming
Missiles
 n - 18 poisoned darts
Armour
 t - an orb of light
Magical Staves
 m - a staff of cold
Jewellery
 f - the ring "Fycom" (left tentacle) {*Slow rPois AC+4 Int+2}
   (You found it on level 6 of the Dungeon)

   [ring of protection]

   AC+4:      It affects your AC (+4).
   Int+2:     It affects your intelligence (+2).
   rPois:     It protects you from poison *Slow: It may slow you when you take
   damage.
 q - a ring of willpower (on tentacle)
 u - a +4 ring of protection (right tentacle)
 x - a +6 ring of dexterity (on tentacle)
 y - a ring of resist corrosion (on tentacle)
 C - an amulet of magic regeneration (around mantle)
 F - a ring of fire
 J - a +5 ring of evasion (on tentacle)
 K - a ring of ice
 L - a ring of poison resistance
Talismans
 b - a beast talisman
 c - a flux talisman
 v - a talisman of death
Wands
 i - a wand of paralysis (7)
 w - a wand of mindburst (24)
 A - a wand of iceblast (8)
Scrolls
 j - 2 scrolls of poison
 D - a scroll of immolation
 G - 4 scrolls of identify
 I - a scroll of revelation
Potions
 a - a potion of lignification
 e - 3 potions of magic
 k - 3 potions of brilliance
 p - a potion of mutation
 E - a potion of haste
 H - 6 potions of ambrosia


   Skills:
 * Level 8.1 Fighting
 - Level 7.5 Short Blades
 + Level 1.7 Throwing
 * Level 8.5 Dodging
 * Level 15.1 Stealth
 - Level 1.4 Shields
 - Level 3.8 Unarmed Combat
 * Level 6.7 Spellcasting
 * Level 5.6 Conjurations
 - Level 2.6 Summonings
 * Level 4.7 Invocations
 - Level 0.8 Evocations
 - Level 6.3 Shapeshifting


You had 20 spell levels left.
You knew the following spells:

 Your Spells              Type           Power      Damage    Failure   Level
a - Magic Dart            Conj           68%        1d6       1%          1
b - Blink                 Tloc           8%         N/A       26%         2
c - Call Imp              Summ           20%        N/A       9%          2

Your spell library contained the following spells:

 Spells                   Type           Power      Damage    Failure   Level
 Iskenderun's Battlesphe  Conj           17%        2d7       43%         5
 Inner Flame              Hex/Fire       4%         N/A       45%         3
 Tukima's Dance           Hex            4%         N/A       45%         3
 Volatile Blastmotes      Fire/Tloc      8%         2d10      45%         3
 Brom's Barrelling Bould  Conj/Erth      10%        2d3       47%         4
 Flame Wave               Conj/Fire      10%        2d6       47%         4
 Fulminant Prism          Conj/Alch      5%         3d7       47%         4
 Iskenderun's Mystic Bla  Conj/Tloc      10%        2d4       47%         4
 Fireball                 Conj/Fire      5%         3d5       83%         5
 Dimensional Bullseye     Hex/Tloc       2%         N/A       86%         4
 Passage of Golubria      Tloc           4%         N/A       86%         4
 Sticky Flame             Fire/Alch      4%         2d4       86%         4
 Silence                  Hex/Air        2%         N/A       99%         5
 Conjure Ball Lightning   Conj/Air       5%         3x3d6     100%        6
 Orb of Destruction       Conj           8%         9d6       100%        7
 Lehudib's Crystal Spear  Conj/Erth      5%         10d3      100%        8


Dungeon Overview and Level Annotations

Branches:
Dungeon (11/15)            Temple (0/1) D:6            Lair (3/5) D:10
 Shoals (0/4) Lair:3       Spider (0/4) Lair:2          Orc (0/2) D:9

Altars:
Dithmenos
Makhleb
Trog
Vehumet
Xom
Zin

Shops:
D:1 (   D:7 !

Portals:
Ice
Cave: Lair:3

Annotations:
D:5 5 runed translucent doors
D:8 1 runed translucent door, RexxRaptorr's ghost, novice GnHu


Innate Abilities, Weirdness & Mutations

You are a hulking beast.
Your limbs bulge with bestial killing power. (Slay +3)
You cannot wear most types of armour.
You are amphibious.
You can wear up to eight rings at the same time.
Your skin changes colour to match your surroundings (Stealth+).
Your rubbery body absorbs attacks. (AC +1, EV +1)
((You are camouflaged when in or above water. (Stealth+)))
You have tentacles for arms and can constrict up to eight enemies at once.
You are partially covered in iridescent scales. (AC +2)
You are partially covered in large bone plates. (SH +4)
You are dopey. (Int -2)
You are weak. (Str -2)


Message History

The harpy completely misses you.
Okay, then.
Casting: Magic Dart (safe; 1% risk of failure)
Confirm with . or Enter, or press ? or * to list all spells.
A tiny devil pulls itself out of the air.
You block the harpy's attack. The harpy misses you.
Found a stone staircase leading up.
Your cerulean imp hits the harpy but does no damage.
Casting: Call Imp (safe; 9% risk of failure)
Confirm with . or Enter, or press ? or * to list all spells.
A tiny devil pulls itself out of the air.
The harpy claws you but does no damage. The harpy closely misses you.
You block the harpy's attack. The harpy completely misses you.
The yak barely misses your cerulean imp.
Your cerulean imp hits the harpy with a -3 spear.
Your cerulean imp disappears in a puff of smoke!
The harpy attacks as it pursues you! The harpy claws you.
* * * LOW HITPOINT WARNING * * *
The harpy misses you.
Unknown command.
Your cerulean imp hits the harpy from afar with a -3 spear.
You block the yak's attack. The harpy completely misses you.
The harpy barely misses you.
You hear the loud crackling of a very distant melting archway.
Your extra speed is starting to run out.
Aiming: Iceblast
Press: ? - help, Shift-Dir - straight line, f/p - harpy
Aim: a harpy (moderately wounded, umbra)
The mass of ice explodes!
The iceblast engulfs the harpy!
The harpy is severely wounded.
The iceblast engulfs the yak!
The yak is severely wounded.
The iceblast engulfs the yak!
The yak is moderately wounded.
You hear a loud, deep croak!
The yak misses you. The harpy completely misses you. The harpy misses you.
Your cerulean imp closely misses the yak.
A blink frog comes into view.
A black mamba comes into view.
The harpy claws you!
You die...

.........P.P.
#..........####
#............P##
##.....~.~.~..P#
#......~~~~~..#
#..$...~#.#~..#
...#..~~.>.~~###
#......~#.#Y...#.#
##(....~5~YYHh..#
#(.##~...~~.........
#(###.....##.P.#...S
##......#.#...## ...
###...P....####.# ..
# ##..........## ##
###............#
##............##
.......##.....#


You could see a black mamba (wandering), 3 yaks, a harpy and a friendly cerulean
imp (summoned).

Vanquished Creatures
  Fannar (Lair:1)
  Erica (D:8)
  3 harpies (Lair:3)
  5 elephants (Lair:2)
  2 black mambas
  7 cane toads
  2 torpor snails
  Jeremiah (Lair:1)
  4 komodo dragons
  A queen bee (Lair:2)
  A troll (D:10)
  9 blink frogs
  A polar bear (Lair:3)
  2 dream sheep (Lair:2)
  A jumping spider (Lair:2)
  A wraith (D:10)
  32 yaks
  4 steam dragons
  3 vampire mosquitoes (D:11)
  7 water moccasins
  An acid dragon (D:10)
  2 black bears
  An ice beast (D:8)
  7 orc warriors
  11 wolves
  2 centaurs (D:9)
  4 kobold brigands
  7 bullfrogs
  3 scorpions
  A gnoll sergeant (D:9)
  3 wights
  32 killer bees
  6 howler monkeys
  2 bombardier beetles
  8 orc priests
  A gnoll bouda (D:6)
  2 hounds
  4 jellies
  A sleepcap (D:5)
  Jessica (D:2)
  2 iguanas (D:5)
  6 orc wizards
  Natasha (twice) (D:2)
  4 hell rats (Lair:3)
  6 adders
  3 gnolls (D:9)
  A shadow imp (D:8)
  A white imp (D:6)
  2 ufetubi (D:6)
  4 dart slugs
  A ribbon worm (D:3)
  36 orcs
  3 bats
  5 endoplasms
  4 giant cockroaches
  6 goblins
  6 hobgoblins
  4 quokkas
  5 ball pythons
  2 frilled lizards
  7 kobolds
  6 rats
303 creatures vanquished.

Vanquished Creatures (others)
  An orc wizard (D:7)
1 creature vanquished.

Grand Total: 304 creatures vanquished

Notes
Turn   | Place    | Note
-------+----------+-------------------------------------------
     0 | D:1      | yaymichael the Octopode Shapeshifter began the quest for
                  | the Orb.
     0 | D:1      | Reached XP level 1. HP: 13/13 MP: 1/1
   158 | D:1      | Reached XP level 2. HP: 18/18 MP: 2/2
   160 | D:1      | Learned a level 1 spell: Magic Dart
   615 | D:1      | Found Feechyew's Antique Weapon Emporium.
   969 | D:2      | Found a shadowy altar of Dithmenos.
   982 | D:2      | Became a worshipper of Dithmenos the Shadowed
  1072 | D:2      | Reached XP level 3. HP: 21/23 MP: 3/3
  1153 | D:2      | Reached skill level 1 in Stealth
  1390 | D:2      | Noticed Natasha
  1397 | D:2      | Killed Natasha
  1398 | D:2      | Reached skill level 2 in Stealth
  1398 | D:2      | Reached XP level 4. HP: 24/29 MP: 4/4
  1422 | D:2      | Learned a level 2 spell: Blink
  1501 | D:2      | Noticed Jessica
  1508 | D:2      | Killed Jessica
  1778 | D:2      | Noticed Natasha
  1788 | D:2      | Killed Natasha
  1789 | D:2      | Reached skill level 3 in Stealth
  1789 | D:2      | Reached XP level 5. HP: 12/34 MP: 4/6
  2067 | D:3      | Reached skill level 1 in Spellcasting
  2132 | D:3      | Reached * piety under Dithmenos
  2265 | D:3      | Reached skill level 1 in Short Blades
  3113 | D:5      | Entered Level 5 of the Dungeon
  3149 | D:5      | Reached skill level 4 in Stealth
  3149 | D:5      | Reached XP level 6. HP: 35/39 MP: 7/9
  3160 | D:5      | Noticed a black bear
  3193 | D:5      | Found a radiant altar of Vehumet.
  3206 | D:5      | Found the +9 staff of Olgreb {rPois∞}
  3207 | D:5      | Noticed a water moccasin
  3207 | D:5      | Noticed a water moccasin
  3207 | D:5      | Noticed a water moccasin
  3208 | D:5      | Found a runed translucent gate.
  3208 | D:5      | Found a runed translucent gate.
  3208 | D:5      | Noticed a water moccasin
  3208 | D:5      | Noticed a water moccasin
  3210 | D:5      | Found a runed translucent door.
  3227 | D:5      | Found a runed translucent gate.
  3229 | D:5      | Noticed a redback
  3229 | D:5      | Noticed a redback
  3229 | D:5      | Noticed a redback
  3235 | D:5      | Found a runed translucent door.
  3348 | D:5      | Reached skill level 5 in Stealth
  3489 | D:6      | Reached XP level 7. HP: 19/45 MP: 10/10
  3892 | D:6      | Found a shimmering altar of Xom.
  4012 | D:6      | Found a glowing silver altar of Zin.
  4253 | D:6      | Noticed a steam dragon
  4362 | D:5      | Reached skill level 6 in Stealth
  4781 | D:6      | Found a staircase to the Ecumenical Temple.
  4858 | D:6      | Identified the ring "Fycom" {*Slow rPois AC+4 Int+2}
  4878 | D:6      | Reached XP level 8. HP: 41/52 MP: 9/12
  4880 | D:6      | Reached ** piety under Dithmenos
  4919 | D:6      | Learned a level 2 spell: Call Imp
  5383 | D:7      | Identified the +2 ring mail "Varrirch" {rN++ Int+4 Dex+3
                  | Slay-5}
  5433 | D:7      | Reached skill level 7 in Stealth
  5587 | D:7      | Gained mutation: You are dopey. (Int -2) [potion of
                  | mutation]
  5587 | D:7      | Gained mutation: You are weak. (Str -2) [potion of
                  | mutation]
  5587 | D:7      | Gained mutation: You are partially covered in large bone
                  | plates. (SH +4) [potion of mutation]
  5587 | D:7      | Gained mutation: You are partially covered in iridescent
                  | scales. (AC +2) [potion of mutation]
  5714 | D:6      | Reached skill level 1 in Summonings
  5714 | D:6      | Reached skill level 5 in Shapeshifting
  6320 | D:8      | Reached skill level 1 in Conjurations
  6406 | D:8      | Reached XP level 9. HP: 55/58 MP: 12/14
  6456 | D:8      | Reached skill level 5 in Short Blades
  6760 | D:8      | Noticed Erica
  6877 | D:8      | Reached skill level 8 in Stealth
  6937 | D:8      | You fall into a shaft and drop 3 floors!
  6948 | D:11     | Noticed a troll
  7042 | D:11     | Reached skill level 1 in Shields
  7429 | D:11     | Noticed a two-headed ogre
  7465 | D:11     | Reached skill level 9 in Stealth
  7465 | D:11     | Reached XP level 10. HP: 42/65 MP: 16/16
  7483 | D:10     | Entered Level 10 of the Dungeon
  7723 | D:9      | Found a burning altar of Makhleb.
  7745 | D:9      | Reached *** piety under Dithmenos
  8040 | D:9      | Reached skill level 5 in Fighting
  8098 | D:9      | Found a staircase to the Orcish Mines.
  8382 | D:9      | Found a bloodstained altar of Trog.
  8658 | D:8      | Killed Erica
  8659 | D:8      | Reached skill level 10 in Stealth
  8867 | D:8      | Found a runed translucent door.
  8867 | D:8      | Noticed RexxRaptorr's ghost (novice GnHu)
  9269 | D:7      | Found Myxtoman's Distillery.
  9272 | D:7      | Bought a potion of haste for 120 gold pieces
  9272 | D:7      | Bought a potion of heal wounds for 60 gold pieces
  9272 | D:7      | Bought a potion of curing for 36 gold pieces
  9912 | D:10     | Found a staircase to the Lair.
  9962 | D:10     | Reached skill level 5 in Spellcasting
 10298 | D:10     | Reached XP level 11. HP: 72/72 MP: 18/18
 10581 | D:10     | Identified the +2 pair of boots of Plog {rElec Will+}
 10661 | Lair:1   | Entered Level 1 of the Lair of Beasts
 10661 | Lair:1   | Noticed Jeremiah
 10662 | Lair:1   | Killed Jeremiah
 10663 | Lair:1   | Reached skill level 11 in Stealth
 10663 | Lair:1   | Reached skill level 1 in Invocations
 10714 | Lair:1   | Noticed Fannar
 10743 | Lair:1   | Killed Fannar
 10774 | Lair:1   | Reached **** piety under Dithmenos
 10987 | Lair:1   | Reached skill level 5 in Dodging
 10987 | Lair:1   | Reached skill level 12 in Stealth
 11732 | Lair:2   | Reached skill level 13 in Stealth
 12015 | Lair:1   | Reached XP level 12. HP: 66/80 MP: 20/20
 12154 | Lair:2   | Reached ***** piety under Dithmenos
 12635 | Lair:2   | Reached skill level 5 in Conjurations
 12644 | Lair:2   | Reached skill level 14 in Stealth
 12687 | Lair:2   | Reached skill level 1 in Throwing
 13196 | Lair:2   | Found a hole to the Spider Nest.
 13467 | Lair:3   | Found a frozen archway.
 13468 | Lair:3   | Noticed an ice dragon
 13788 | Lair:3   | Found a staircase to the Shoals.
 13802 | Lair:3   | Reached XP level 13. HP: 73/88 MP: 22/22
 13805 | Lair:3   | Reached skill level 15 in Stealth
 13822 | Lair:3   | HP: 2/88 [harpy (8)]
 13830 | Lair:3   | HP: 2/88 [harpy (3)]
 13839 | Lair:3   | HP: 3/88 [harpy (8)]
 13859 | Lair:3   | Slain by a harpy

Illustrated notes

Levels and vault maps discovered:
D:1:      evilmike_arrival_plus, layout_loops_ring, serial_shops,
          nicolae_shop_temple_entry_statues_fountains
D:2:      layout_loops_corners, basic_altar, uniq_natasha, uniq_jessica
D:3:      layout_basic
D:4:      nicolae_cairo_tiling_large, layout_cave_pools, chequers_mini_garden
D:5:      layout_rooms, fiery_altar_vehumet,
          minmay_guarded_unrand_staff_of_olgreb
D:6:      layout_loops_ring, marbit_many_paths, zin_academy,
          minmay_temple_entry_grid, st_stairs_4
D:7:      layout_loops_ring, serial_shops, nicolae_shop_window_shopping
D:8:      layout_loops_cross, gammafunk_ghost_grave, uniq_erica
D:9:      layout_grid_maze, overflow_temple_1_default,
          overflow_temple_1_default, erik_orc_3, serial_glass, glass_columns_a,
          glass_columns_a
D:10:     layout_irregular_city, lair_entry_dummy
D:11:     layout_rooms
Lair:1:   layout_gridlike, serial_bayou_pond_d, uniq_jeremiah, uniq_fannar
Lair:2:   layout_roguey [special_room_bee], spider_nest_entry_funnel_web
Lair:3:   layout_cave_shapes, nicolae_shoals_entry_roost,
          portal_ice_cave_entry_animals_and_master, serial_bayou_crossing

Skill      XL: |  1  2  3  4  5  6  7  8  9 10 11 12 13 |
---------------+----------------------------------------+-----
Stealth        | 2 3 4 5 6 7 9 10 13 14 15 | 15.1
Fighting       | 2 3 4 5 6 8 |  8.1
Spellcasting   | 2 3 4 5 6 |  6.7
Short Blades   | 1 2 4 6 7 |  7.5
Shapeshifting  | 4 5 6 |  6.3
Summonings     | 1 2 |  2.6
Conjurations   | 1 3 4 5 |  5.6
Shields        | 1 |  1.4
Dodging        | 4 6 8 |  8.5
Invocations    | 3 4 |  4.7
Throwing       | 1 |  1.7
Unarmed Combat | |  3.8
Evocations     | |  0.8

Action                     |  1- 3 |  4- 6 |  7- 9 | 10-12 | 13-15 || total
---------------------------+-------+-------+-------+-------+-------++-------
  Melee: Short sword       |    62 |    83 |   271 |   631 |    12 ||  1059
         Constrict         |    15 |    24 |    39 |    90 |     3 ||   171
         Tentacles         |    14 |    21 |    69 |   188 |     3 ||   295
         Punch             |     1 |     3 |     9 |    33 |       ||    46
  Throw: Dart              |       |     8 |    38 |    27 |     6 ||    79
   Cast: Magic Dart        |       |       |     4 |     1 |       ||     5
         Call Imp          |       |       |     1 |       |     2 ||     3
  Evoke: Wand              |       |       |     2 |    14 |     2 ||    18
    Use: Scroll            |     4 |     3 |    10 |     8 |       ||    25
         Potion            |       |     4 |     5 |     3 |     5 ||    17
   Stab: Sleeping          |     4 |     9 |     6 |    38 |       ||    57
         Distracted        |     1 |       |       |     4 |       ||     5
 Armour: Skin              |    22 |    44 |   121 |   197 |    25 ||   409
  Dodge: Dodged            |    36 |    40 |   115 |   610 |    67 ||   868
  Block: Other             |       |       |    27 |    89 |    15 ||   131
